 Dungeon Crawl Stone Soup version 0.29.0-4-gdea44cf6ec (webtiles) character file.

Game seed: 8620292144160147229

1624 qw the Cleaver (level 8, -12/70 HPs)
             Began as a Minotaur Fighter on Sept 8, 2022.
             Was an Initiate of Ru.
             Killed from afar by Maggie (21 damage)
             ... with a bolt of fire
             ... on level 7 of the Dungeon.
             The game lasted 00:03:06 (7716 turns).

qw the Cleaver (Minotaur Fighter)                   Turns: 7716, Time: 00:03:06

Health: -12/70     AC: 11    Str: 23    XL:     8   Next: 65%
Magic:  7/7        EV:  8    Int:  5    God:    Ru [......]
Gold:   216        SH:  4    Dex: 10    Spells: 7/7 levels left

rFire   . . .      SeeInvis .   Y - +0 war axe
rCold   . . .      Faith    .   c - +0 buckler
rNeg    . . .      Spirit   .   m - +0 chain mail
rPois   .          Reflect  .   (helmet restricted)
rElec   .          Harm     .   (no cloak)
rCorr   .          Rampage  .   (no gloves)
Will    .....                   p - +1 pair of boots
Stlth   ..........              (no amulet)
HPRegen 0.21/turn               (no ring)
MPRegen 0.10/turn               (no ring)

@: no status effects
A: horns 2, retaliatory headbutt
a: Renounce Religion


You were on level 7 of the Dungeon.
You worshipped Ru.
Ru was noncommittal.
You visited 2 branches of the dungeon, and saw 8 of its levels.
You also visited: Sewer.

You collected 300 gold pieces.
You spent 84 gold pieces at shops.


Innate Abilities, Weirdness & Mutations

You have a pair of horns on your head.
You reflexively headbutt those who attack you in melee.


   Skills:
 - Level 6.0 Fighting
 - Level 11.3 Axes
 + Level 1.8 Throwing
 - Level 4.0 Armour
 - Level 2.4 Dodging
 - Level 4.5 Shields


You had 7 spell levels left.
You didn't know any spells.
Your spell library was empty.

Inventory:

Hand Weapons
 i - a +0 flail
 Y - a +0 war axe (weapon)
Missiles
 b - 2 javelins
 e - 5 boomerangs (quivered)
Armour
 c - a +0 buckler (worn)
 m - a +0 chain mail (worn)
 p - a +1 pair of boots (worn)
Scrolls
 k - a scroll of identify
Potions
 d - 3 potions of might
 f - 4 potions of curing
 g - a potion of cancellation
 h - a potion of resistance {unknown}
 l - a potion of mutation {unknown}
 n - a potion of magic {unknown}
 r - a potion of haste {unknown}

Dungeon Overview and Level Annotations

Branches:
Dungeon (7/15)             Temple (1/1) D:5           Sewer (visited)

Altars:
Ashenzari
Cheibriados
Fedhas
Hepliaklqana
Kikubaaqudgha
Makhleb
Nemelex Xobeh
Ru
Uskayaw
Vehumet
Wu Jian
Xom
Yredelemnul
The Shining One

Shops:
D:3 (?:[   D:6 (

Annotations:
D:7 Maggie


Message History

Maggie burns you.
You barely miss Maggie.
Maggie is moderately wounded.
Maggie hits you with a +0 broad axe of flaming!
Maggie burns you.
7692 ||| READING scroll of teleportation.
As you read the scroll of teleportation, it crumbles to dust.
You feel strangely unstable. You block Maggie's attack.
7693 ||| DRINKING potion of heal wounds.
You feel much better.
Maggie hits you with a +0 broad axe of flaming!
Maggie burns you.
You slash Maggie!
Maggie is heavily wounded.
The orc warrior hits you from afar with a +0 glaive.
Maggie drinks a potion.
Maggie is healed!
You hit Maggie.
Maggie is lightly wounded.
The orc warrior hits you from afar with a +0 glaive!
Maggie casts a spell.
Maggie draws you further into her thrall.
You slash Maggie!
Maggie is moderately wounded.
Your surroundings suddenly seem different.
An orc comes into view. It is wielding a +0 war axe.
You are no longer entranced.
Enter note: You slash the orc!
You kill the orc!
You start resting.
Maggie is nearby!
7713 ||| Stepping ~*~*~tactically~*~*~ (hiding).
Maggie barely misses you.
The orc warrior shouts!
You hit Maggie.
Maggie is moderately wounded.
Maggie points at you and mumbles some strange words.
The bolt of fire hits you!!
You die...

...............##......
..............##......
#.............').....
#...........###).....
#...........#>.).....
#...........#........
#...........#........
#....)......##.....##
#...@.......##.....#
#..@........##.....##
##o###+#######.......
#. #....... # ..
###....... ...
#......#.. ....
#......#..
....###......# .
.............#


You could see Maggie and an orc warrior.

Vanquished Creatures
  A water moccasin (D:6)
  An ice beast (D:7)
  A sky beast (D:7)
  A centaur (D:6)
  2 phantoms (D:6)
  Blork the orc (D:4)
  A bullfrog (D:6)
  2 scorpions (D:6)
  3 hounds
  8 orc priests
  3 iguanas
  2 orc wizards (D:5)
  3 gnolls (D:5)
  15 adders
  7 river rats
  2 ufetubi
  4 worms
  3 dart slugs (D:1)
  36 orcs
  5 bats
  A bat zombie (D:6)
  7 endoplasms
  3 giant cockroaches
  7 hobgoblins
  3 jackals
  18 kobolds
  3 quokkas
  7 ball pythons
  6 frilled lizards
  8 goblins
  14 rats
  A rat zombie (D:6)
179 creatures vanquished.

Vanquished Creatures (others)
  17 plants (Sewer)
17 creatures vanquished.

Grand Total: 196 creatures vanquished

Notes
Turn   | Place    | Note
-------+----------+-------------------------------------------
     0 | D:1      | qw the Minotaur Fighter began the quest for the Orb.
     0 | D:1      | Reached XP level 1. HP: 19/19 MP: 0/0
     0 | D:1      | 0 ||| qw: Version: 0.1-a-112-g44dc6cd
     0 | D:1      | 0 ||| qw: Game counter: 6671
     0 | D:1      | 0 ||| qw: Always use a shield: true
     0 | D:1      | 0 ||| qw: God list: Ru
     0 | D:1      | 0 ||| qw: Allow faded altars: false
     0 | D:1      | 0 ||| qw: Do Orc after D:15 true
     0 | D:1      | 0 ||| qw: Do second Lair branch before Depths: true
     0 | D:1      | 0 ||| qw: Lair rune preference: random
     0 | D:1      | 0 ||| qw: Plans: Normal
     0 | D:1      | 0 ||| PLANNING D:1-11
   128 | D:1      | Reached skill level 3 in Axes
   219 | D:1      | Reached XP level 2. HP: 26/26 MP: 1/1
   522 | D:1      | 522 ||| Stepping ~*~*~tactically~*~*~ (stealth).
   528 | D:1      | Reached skill level 4 in Axes
   533 | D:1      | 533 ||| Stepping ~*~*~tactically~*~*~ (stealth).
   594 | D:1      | Reached XP level 3. HP: 29/30 MP: 2/2
   641 | D:1      | 641 ||| Stepping ~*~*~tactically~*~*~ (stealth).
   657 | D:1      | 657 ||| DROPPING +0 club.
   719 | D:1      | 719 ||| Stepping ~*~*~tactically~*~*~ (stealth).
  1119 | D:1      | 1119 ||| READING 2 scrolls labelled ZIULUA UTIUKUIT.
  1122 | D:1      | 1122 ||| DRINKING 3 fizzy silvery potions.
  1228 | D:1      | 1228 ||| DROPPING 2 potions of berserk rage.
  1747 | D:2      | 1747 ||| DROPPING +0 whip.
  1849 | D:2      | Reached skill level 5 in Axes
  1874 | D:2      | 1874 ||| Stepping ~*~*~tactically~*~*~ (stealth).
  2108 | D:2      | 2108 ||| READING scroll labelled OBLIXEAM LETUZ.
  2109 | D:2      | 2109 ||| DRINKING 2 red potions.
  2110 | D:2      | 2110 ||| READING 2 scrolls of teleportation.
  2118 | D:3      | Found Axtuss's Weapon Shoppe.
  2119 | D:3      | 2119 ||| PLANNING SEWER
  2122 | D:3      | Reached skill level 1 in Dodging
  2141 | D:3      | Found a shimmering altar of Xom.
  2159 | D:3      | 2159 ||| Stepping ~*~*~tactically~*~*~ (stealth).
  2160 | D:3      | 2160 ||| Stepping ~*~*~tactically~*~*~ (stealth).
  2164 | D:3      | Reached XP level 4. HP: 39/39 MP: 3/3
  2173 | D:3      | Found Beil's Magic Scroll Boutique.
  2181 | D:3      | 2181 ||| BUYING scroll of identify (28 gold).
  2181 | D:3      | Bought a scroll of identify for 28 gold pieces
  2181 | D:3      | 2181 ||| BUYING scroll of identify (28 gold).
  2181 | D:3      | Bought a scroll of identify for 28 gold pieces
  2181 | D:3      | 2181 ||| BUYING scroll of identify (28 gold).
  2181 | D:3      | Bought a scroll of identify for 28 gold pieces
  2181 | D:3      | 2181 ||| SHOPLISTING scroll of identify (28 gold, have 3).
  2302 | D:3      | Found Osumin's Book Emporium.
  2629 | D:3      | Reached skill level 6 in Axes
  2722 | D:3      | Found a glowing drain.
  2723 | D:3      | 2723 ||| READING scroll labelled KIK FAGIMPE.
  2724 | D:3      | 2724 ||| READING scroll labelled REOMNIBAYC.
  2725 | D:3      | 2725 ||| READING 5 scrolls of identify.
  2725 | D:3      | 2725 ||| IDENTIFYING sedimented inky potion
  2726 | D:3      | 2726 ||| READING 4 scrolls of identify.
  2726 | D:3      | 2726 ||| IDENTIFYING bubbling white potion
  2727 | D:3      | 2727 ||| READING 3 scrolls of identify.
  2727 | D:3      | 2727 ||| IDENTIFYING glowing ruby potion
  2728 | D:3      | 2728 ||| READING 2 scrolls of identify.
  2728 | D:3      | 2728 ||| IDENTIFYING silvery potion
  2729 | D:3      | 2729 ||| DROPPING potion of flight.
  2730 | D:3      | 2730 ||| DROPPING potion of lignification.
  2731 | D:3      | 2731 ||| DROPPING potion of degeneration.
  2739 | Sewer    | Entered a sewer
  2764 | Sewer    | 2764 ||| Stepping ~*~*~tactically~*~*~ (stealth).
  2771 | Sewer    | Reached XP level 5. HP: 43/45 MP: 4/4
  2774 | Sewer    | 2774 ||| Stepping ~*~*~tactically~*~*~ (stealth).
  2924 | Sewer    | 2924 ||| Stepping ~*~*~tactically~*~*~ (stealth).
  2937 | Sewer    | 2937 ||| Stepping ~*~*~tactically~*~*~ (stealth).
  3074 | Sewer    | 3074 ||| Stepping ~*~*~tactically~*~*~ (water).
  3221 | Sewer    | 3221 ||| Stepping ~*~*~tactically~*~*~ (water).
  3227 | Sewer    | Reached skill level 7 in Axes
  3460 | Sewer    | 3460 ||| READING scroll labelled MUEHEOPEGU.
  3461 | Sewer    | 3461 ||| DRINKING 2 puce potions.
  3462 | Sewer    | 3462 ||| DROPPING potion of invisibility.
  3508 | D:3      | 3508 ||| PLANNING D:1-11
  3870 | D:3      | Found Yjoak's Antique Armour Shop.
  3872 | D:3      | Found a faded altar of an unknown god.
  3882 | D:3      | 3882 ||| SHOPLISTING glowing hat (182 gold, have 50).
  3882 | D:3      | 3882 ||| SHOPLISTING kite shield (117 gold, have 50).
  3882 | D:3      | 3882 ||| SHOPLISTING runed scarf (208 gold, have 50).
  3882 | D:3      | 3882 ||| SHOPLISTING shiny plate armour (676 gold, have
                  | 50).
  4427 | D:4      | Reached XP level 6. HP: 52/52 MP: 5/5
  4576 | D:4      | Noticed Blork the orc
  4589 | D:4      | Killed Blork the orc
  4993 | D:4      | Reached skill level 8 in Axes
  5000 | D:4      | 5000 ||| Stepping ~*~*~tactically~*~*~ (stealth).
  5005 | D:4      | 5005 ||| Stepping ~*~*~tactically~*~*~ (stealth).
  5010 | D:4      | 5010 ||| Stepping ~*~*~tactically~*~*~ (stealth).
  5196 | D:4      | 5196 ||| Stepping ~*~*~tactically~*~*~ (stealth).
  5224 | D:4      | 5224 ||| Stepping ~*~*~tactically~*~*~ (stealth).
  5229 | D:4      | 5229 ||| Stepping ~*~*~tactically~*~*~ (stealth).
  5230 | D:4      | 5230 ||| Stepping ~*~*~tactically~*~*~ (stealth).
  5305 | D:4      | 5305 ||| READING scroll labelled QOLIBEZIORGH.
  5342 | D:5      | Entered Level 5 of the Dungeon
  5381 | D:5      | 5381 ||| Stepping ~*~*~tactically~*~*~ (hiding).
  5382 | D:5      | 5382 ||| Stepping ~*~*~tactically~*~*~ (hiding).
  5384 | D:5      | 5384 ||| Stepping ~*~*~tactically~*~*~ (hiding).
  5398 | D:5      | Reached skill level 9 in Axes
  5398 | D:5      | Reached XP level 7. HP: 44/59 MP: 6/6
  5800 | D:5      | Found a staircase to the Ecumenical Temple.
  5801 | D:5      | 5801 ||| PLANNING TEMPLE
  5801 | D:5      | 5801 ||| UPGRADING to +0 chain mail.
  5811 | D:5      | 5811 ||| DROPPING +0 scale mail.
  5812 | D:5      | 5812 ||| UPGRADING to +1 pair of boots.
  5860 | Temple   | Entered the Ecumenical Temple
  6034 | Temple   | 6034 ||| PLANNING D:1-11
  6119 | D:5      | 6119 ||| Stepping ~*~*~tactically~*~*~ (stealth).
  6367 | D:5      | 6367 ||| DRINKING 3 potions of curing.
  6367 | D:5      | 6367 ||| (to cure confusion)
  6651 | D:5      | 6651 ||| Stepping ~*~*~tactically~*~*~ (stealth).
  6800 | D:6      | Found a radiant altar of Vehumet.
  6809 | D:6      | Reached skill level 10 in Axes
  6824 | D:6      | Reached skill level 1 in Throwing
  6835 | D:6      | Found Vufaq's Antique Weapon Shop.
  6846 | D:6      | Reached skill level 6 in Fighting
  6846 | D:6      | Reached XP level 8. HP: 66/70 MP: 7/7
  6980 | D:6      | 6980 ||| Stepping ~*~*~tactically~*~*~ (stealth).
  7118 | D:6      | Found a sacrificial altar of Ru.
  7124 | D:6      | Became a worshipper of Ru the Awakened
  7220 | D:6      | Reached skill level 11 in Axes
  7356 | D:6      | Found an ancient bone altar of Kikubaaqudgha.
  7357 | D:6      | 7357 ||| READING scroll labelled WEARAB OTUBRIHO.
  7358 | D:6      | 7358 ||| DRINKING 2 fizzy purple potions.
  7459 | D:6      | 7459 ||| DRINKING 2 white potions.
  7460 | D:6      | 7460 ||| READING 2 scrolls of identify.
  7460 | D:6      | 7460 ||| IDENTIFYING fuming inky potion
  7461 | D:6      | 7461 ||| DROPPING potion of brilliance.
  7462 | D:6      | 7462 ||| DROPPING potion of ambrosia.
  7652 | D:7      | 7652 ||| Stepping ~*~*~tactically~*~*~ (hiding).
  7653 | D:7      | 7653 ||| Stepping ~*~*~tactically~*~*~ (hiding).
  7654 | D:7      | 7654 ||| Stepping ~*~*~tactically~*~*~ (hiding).
  7678 | D:7      | Noticed Maggie
  7691 | D:7      | HP: 13/70 [Maggie/+0 broad axe of flaming (6)]
  7692 | D:7      | 7692 ||| READING scroll of teleportation.
  7693 | D:7      | 7693 ||| DRINKING potion of heal wounds.
  7695 | D:7      | HP: 4/70 [orc warrior/+0 glaive (10)]
  7713 | D:7      | 7713 ||| Stepping ~*~*~tactically~*~*~ (hiding).
  7716 | D:7      | Killed from afar by Maggie

Levels and vault maps discovered:
D:1:      lemuel_arrival_lava_pool, layout_basic,
          chequers_serial_rivers_large_b, minmay_distorted
D:2:      layout_loops_ring, due_unseen_surprise
D:3:      layout_loops_ring, overflow_temple_1_default,
          lightli_sewer_entry_pipes, shapermc_ecumenical_altar_mp_urbaneastern,
          serial_shops, shop_fountains, shop, nicolae_shop_statue_plus,
          nicolae_shop_crystal
D:4:      layout_gridville, uniq_blork_the_orc
D:5:      layout_basic, minmay_temple_entry_butterflies, minivault_25
D:6:      layout_rooms, nicolae_ru_the_path_less_chosen, fiery_altar_vehumet,
          lemuel_zombie_altar_kikubaaqudgha, serial_shops, shop
D:7:      layout_basic, uniq_pikel, uniq_maggie
Temple:   jpeg_temple_alley_garden

Skill      XL: |  1  2  3  4  5  6  7  8 |
---------------+-------------------------+-----
Axes           | 3 4 5 6 7 9 10 11 | 11.3
Dodging        | 1 2 |  2.4
Fighting       | 4 6 |  6.0
Throwing       | 1 |  1.8
Armour         | 4 |  4.0
Shields        | 4 |  4.5

Action                   |  1- 3 |  4- 6 |  7- 9 || total
-------------------------+-------+-------+-------++-------
Melee: War axe           |    86 |   243 |   134 ||   463
       Headbutt          |     5 |    21 |    23 ||    49
Throw: Boomerang         |       |    18 |    37 ||    55
  Use: Scroll            |     3 |     8 |     3 ||    14
       Potion            |     2 |     1 |     4 ||     7
Armor: Scale mail        |    29 |    56 |     8 ||    93
       Chain mail        |       |       |    54 ||    54
Dodge: Dodged            |    34 |    86 |    40 ||   160
Block: Buckler           |     7 |    38 |    21 ||    66

Table legend:
 A = Non-vault XP
 B = Vault XP
 C = Vault XP percentage of total XP
 D = Non-vault monster count
 E = Vault monster count
 F = Vault count percentage of total count
                 A         B        C        D         E       F
            +---------+---------+-------+---------+---------+-------
      Total |    2010 |     310 |  13.4 |     134 |      45 |  25.1
            +---------+---------+-------+---------+---------+-------
        D:1 |      48 |       6 |  11.1 |      26 |       4 |  13.3
        D:2 |      35 |       0 |   0.0 |      12 |       0 |   0.0
        D:3 |      61 |      80 |  56.7 |      14 |      11 |  44.0
        D:4 |     182 |      94 |  34.1 |      32 |       1 |   3.0
        D:5 |     498 |       0 |   0.0 |      29 |       0 |   0.0
        D:6 |     882 |       3 |   0.3 |      15 |       2 |  11.8
        D:7 |     304 |       0 |   0.0 |       6 |       0 |   0.0
      Sewer |       0 |     127 | 100.0 |       0 |      27 | 100.0
            +---------+---------+-------+---------+---------+-------
